 Dungeon Crawl Stone Soup version 0.28-a0-537-g3bccd9ccbf (webtiles) character file.

Game seed: 10246142957417100339

191 flotson the Sneak (level 5, -2/42 HPs)
             Began as a Demonspawn Delver on Sept 28, 2021.
             Slain by a phantom (7 damage)
             ... on level 3 of the Dungeon.
             The game lasted 00:04:29 (4017 turns).

flotson the Sneak (Demonspawn Delver)               Turns: 4017, Time: 00:04:29

Health: -2/42      AC:  3    Str: 13    XL:     5   Next: 41%
Magic:  5/5        EV: 12    Int: 12    God:
Gold:   195        SH:  5    Dex: 14    Spells: 4/4 levels left

rFire   . . .      SeeInvis .   b - +1 dagger (protect)
rCold   . . .      Faith    .   (no shield)
rNeg    . . .      Spirit   .   l - +0 leather armour
rPois   .          Reflect  +   (helmet restricted)
rElec   .          Harm     .   (no cloak)
rCorr   .          Rampage  .   (no gloves)
Will    .....                   (no boots)
Stlth   ++........              i - amulet of reflection
HPRegen 0.14/turn               (no ring)
MPRegen 0.09/turn               (no ring)

@: hasted, very quick
A: antennae 2
a: no special abilities


You were on level 3 of the Dungeon.
You visited 1 branch of the dungeon, and saw 5 of its levels.

You collected 195 gold pieces.

Inventory:

Hand Weapons
 a - a +0 hand axe
 b - a +1 dagger of protection (weapon)
Missiles
 t - a throwing net (quivered)
Armour
 l - a +0 leather armour (worn)
Jewellery
 i - an amulet of reflection (around neck)
Wands
 g - a wand of digging (3)
Scrolls
 c - 2 scrolls of fog
 e - 2 scrolls of fear
 h - a scroll of torment {unknown}
 j - a scroll of silence {unknown}
 k - 2 scrolls of vulnerability {unknown}
 m - a scroll of enchant weapon {unknown}
 o - a scroll of immolation {unknown}
 q - a scroll of teleportation {unknown}
 r - a scroll of identify {unknown}
 s - 2 scrolls of noise {unknown}
Potions
 d - a potion of lignification {unknown}
 n - a potion of flight {unknown}
 p - a potion of might {unknown}


   Skills:
 + Level 4.0 Fighting
 + Level 3.0 Axes
 + Level 2.1 Armour
 + Level 3.0 Dodging
 - Level 4.5 Stealth


You had 4 spell levels left.
You didn't know any spells.
Your spell library was empty.

Dungeon Overview and Level Annotations

Branches:
Dungeon (5/15)
 Temple: D:4-7

Altars:
Dithmenos

Shops:
D:2 *

Annotations:
D:3 1 runed translucent door, Crazy Yiuf
D:4 2 transporters, Zenkrye's ghost, amateur PaFi


Innate Abilities, Weirdness & Mutations

You have a pair of antennae on your head.


Message History

You are too injured to fight recklessly!
You are too injured to fight recklessly!
You are too injured to fight recklessly!
You are too injured to fight recklessly!
You are too injured to fight recklessly!
You are too injured to fight recklessly!
You are too injured to fight recklessly!
You are too injured to fight recklessly!
You are too injured to fight recklessly!
You are too injured to fight recklessly!
Your leather armour prevents you from hitting the phantom.
The phantom is heavily damaged.
The phantom misses you.
You hit the phantom.
The phantom is heavily damaged.
The phantom barely misses you.
You hit the phantom.
The phantom is heavily damaged.
The phantom closely misses you.
You closely miss the phantom.
The phantom is heavily damaged.
The phantom barely misses you.
You closely miss the phantom.
The phantom is heavily damaged.
The phantom barely misses you.
You barely miss the phantom.
The phantom is heavily damaged.
The phantom hits you but does no damage.
You barely miss the phantom.
The phantom is heavily damaged.
The phantom hits you!
* * * LOW HITPOINT WARNING * * *
The phantom hits you!
* * * LOW HITPOINT WARNING * * *
The phantom blinks!
You blink.
There are no items here.
You can't see any enemies this would affect, really read the scroll of fear?
Okay, then.
You feel yourself speed up. The phantom hits you!
You die...

#.##.#.# #.##.#.#
#.##.#.##
#.......#####
#.##.#......####...
#.....(.#.........#
#.##......#.#####.
#.#####.###W#
#.#####...@.#
#.......#####
###........
#.####### #.# #.#
###♣♣♣♣♣ #.#
##..P.♣.♣♣♣ ###
#.###)..P..♣..♣#...#
#.##..))P.♣♣♣♣.+..g#


You could see a phantom.

Vanquished Creatures
  A centaur skeleton (D:2)
  Jessica (D:2)
  4 gnolls
  4 adders
  2 worms
  A dart slug (D:2)
  An endoplasm (D:2)
  3 giant cockroaches
  3 goblins
  3 hobgoblins
  3 jackals
  3 quokkas
  7 ball pythons
  3 bats (D:1)
  4 frilled lizards
  7 kobolds
  13 rats
63 creatures vanquished.

Notes
Turn   | Place    | Note
-------+----------+-------------------------------------------
     0 | D:5      | flotson the Demonspawn Delver began the quest for the Orb.
     0 | D:5      | Reached XP level 1. HP: 18/18 MP: 1/1
    15 | D:5      | Found a shadowy altar of Dithmenos.
    53 | D:4      | Noticed Zenkrye's ghost (amateur PaFi)
    53 | D:4      | Noticed a scorpion
    54 | D:4      | Found a transporter.
    78 | D:4      | Found a transporter.
   479 | D:1      | Gained mutation: You have a pair of small antennae on your
                  | head. [demonic ancestry]
   479 | D:1      | Reached XP level 2. HP: 14/24 MP: 2/2
  1052 | D:1      | Reached skill level 1 in Armour
  1111 | D:1      | Reached XP level 3. HP: 29/29 MP: 3/3
  2536 | D:2      | Reached XP level 4. HP: 34/37 MP: 4/4
  2536 | D:2      | Found a faded altar of an unknown god.
  2945 | D:2      | Found Xepsuh's Assorted Antiques.
  2945 | D:2      | Noticed Jessica
  2949 | D:2      | Killed Jessica
  2950 | D:2      | Gained mutation: You have a pair of antennae on your head.
                  | [demonic ancestry]
  2950 | D:2      | Reached XP level 5. HP: 42/42 MP: 5/5
  3939 | D:3      | Found a runed translucent door.
  3940 | D:3      | Noticed Crazy Yiuf
  3975 | D:3      | Noticed a phantom
  4017 | D:3      | Slain by a phantom

Illustrated notes

Levels and vault maps discovered:
D:1:      dpeg_arrival_ratfight, layout_loops_corners,
          hangedman_decor_clover_reticule
D:2:      minmay_alternating_diamond, layout_basic, serial_shops,
          nicolae_shop_overgrown_old_shop, basic_ecumenical_altar,
          minmay_fractal_squares_5, uniq_jessica
D:3:      layout_loops_corners, uniq_crazy_yiuf_cottage
D:4:      layout_basic, old_standard_altar, kiku_gazebo_pond_becter,
          minmay_temple_entry_mini_moons, gammafunk_ghost_arena
D:5:      layout_basic, kennysheep_mini_moat, mainiacjoe_overflow_boulevard,
          chequers_garden

Skill      XL: |  1  2  3  4  5 |
---------------+----------------+-----
Axes           | 2 3 |  3.0
Dodging        | 2 3 |  3.0
Armour         | 1 2 |  2.1
Fighting       | 4 |  4.0
Stealth        | |  4.5

Action                   |  1- 3 |  4- 6 || total
-------------------------+-------+-------++-------
Melee: Hand axe          |    49 |       ||    49
       Dagger            |   129 |   138 ||   267
  Use: Scroll            |     1 |       ||     1
       Potion            |       |     1 ||     1
 Stab: Sleeping          |     4 |    10 ||    14
Armor: Leather armour    |    76 |    36 ||   112
Dodge: Dodged            |   113 |    70 ||   183
Block: Other             |    54 |    28 ||    82
       Reflection        |     2 |       ||     2

Table legend: (Time is in decaauts)
 A = Elapsed time spent in this place.
 B = Non-inter-level travel time spent in this place.
 C = Inter-level travel time spent in this place.
 D = Time resting spent in this place.
 E = Time spent auto-exploring this place.
 F = Levels seen in this place.
 G = Mean time per level.
                   A        B        C        D        E       F      G
               +--------+--------+--------+--------+--------+-----+--------+
         Total |   4031 |   3949 |     82 |    797 |   2514 |   5 |  806.2 |
       Dungeon |   4031 |   3949 |     82 |    797 |   2514 |   5 |  806.2 |
               +--------+--------+--------+--------+--------+-----+--------+

Top non-repeatable levels by time:
     D:1: 2168 daAuts
     D:2: 1603 daAuts
     D:3: 154 daAuts
     D:4: 54 daAuts
     D:5: 51 daAuts
